 Dungeon Crawl Stone Soup version 0.22.0-38-g04b72b8c25 (webtiles) character file.

1717 Jorund the Cleaver (level 8, 0/60 HPs)
             Began as a Demonspawn Gladiator on Aug 27, 2018.
             Slain by a wight
             ... wielding a +2 dagger of freezing
              (2 damage)
             ... on level 6 of the Dungeon.
             The game lasted 00:10:29 (6139 turns).

Jorund the Cleaver (Demonspawn Gladiator)           Turns: 6139, Time: 00:10:30

Health: 0/60       AC:  9    Str: 16    XL:     8   Next: 74%
Magic:  8/8        EV: 11    Int: 11    God:
Gold:   226        SH:  0    Dex: 18    Spells: 7/7 levels left

rFire    . . .     SeeInvis .   a - +0 war axe
rCold    . . .     Gourm    .   (no shield)
rNeg     . . .     Faith    .   b - +0 leather armour
rPois    .         Spirit   .   c - +0 helmet
rElec    .         Reflect  .   m - +0 cloak
rCorr    +         Harm     .   v - +0 pair of gloves (curse)
MR       .....                  (no boots)
Stlth    +.........             (no amulet)
HPRegen  0.20/turn              j - ring "Wuin" {rCorr Dex+4}
MPRegen  0.11/turn              y - ring of wizardry

@: heavily drained
A: yellow scales 2, rot immunity
a: no special abilities


You were on level 6 of the Dungeon.
You were not hungry.

You visited 1 branch of the dungeon, and saw 6 of its levels.

You collected 262 gold pieces.
You spent 36 gold pieces at shops.

Inventory:

Hand Weapons
 a - a +0 war axe (weapon)
 q - a +0 blowgun
Missiles
 d - 4 throwing nets (quivered)
 r - 27 poisoned needles
Armour
 b - a +0 leather armour (worn)
 c - a +0 helmet (worn)
 m - a +0 cloak (worn)
 o - a +0 plate armour
 v - a cursed +0 pair of gloves (worn)
Jewellery
 j - the ring "Wuin" (left hand) {rCorr Dex+4}
   (You found it on level 1 of the Dungeon)

   [ring of resist corrosion]

   It affects your dexterity (+4).
 n - an uncursed ring of stealth
 y - a ring of wizardry (right hand)
Wands
 u - a wand of polymorph (17)
Scrolls
 i - 2 scrolls of teleportation
 l - 3 scrolls of remove curse
Potions
 e - 2 potions of lignification
 h - a potion of haste {unknown}
 s - a potion of agility
 t - 4 potions of curing
 z - a potion of might {unknown}
Comestibles
 f - 7 rations
 g - 2 chunks of flesh


   Skills:
 + Level 4.1(1.8) Fighting
 * Level 9.6(6.9) Axes
 - Level 1.7(0.0) Throwing
 + Level 2.9(0.7) Armour
 - Level 2.6(0.4) Dodging
 + Level 0.1(0.0) Evocations


You had 7 spell levels left.
You didn't know any spells.
Your spell library contained the following spells:

 Spells                   Type           Power        Failure   Level  Hunger
 Confusing Touch          Hex            #.....       17%         1    ##.....
 Summon Small Mammal      Summ           #...         17%         1    ##.....
 Call Imp                 Summ           #.......     26%         2    ###....
 Call Canine Familiar     Summ           #.......     45%         3    ####...
 Confuse                  Hex            #.......     45%         3    ####...
 Gell's Gravitas          Tloc           #.........   45%         3    ####...
 Summon Guardian Golem    Hex/Summ       #.......     45%         3    ####...
 Petrify                  Tmut/Erth      #.......     83%         4    #####..
 Summon Ice Beast         Ice/Summ       #.......     83%         4    #####..
 Summon Lightning Spire   Summ/Air       #.......     83%         4    #####..
 Metabolic Englaciation   Hex/Ice        #.........   99%         5    ######.
 Yara's Violent Unravell  Hex/Tmut       #.........   99%         5    ######.


Dungeon Overview and Level Annotations

Branches:
Dungeon (6/15)             Temple (0/1) D:6

Altars:
Elyvilon
Gozag
Makhleb
Nemelex Xobeh
Wu Jian
Yredelemnul
The Shining One

Shops:
D:5 *


Innate Abilities, Weirdness & Mutations

You are mostly covered in yellow scales. (AC +3)
You are immune to rotting.


Message History

* * * LOW HITPOINT WARNING * * *
You feel better.
The wight hits you with a dagger of freezing.
* * * LOW HITPOINT WARNING * * *
You feel drained. The wight freezes you.
* * * LOW HITPOINT WARNING * * *
You hit the wight.
The wight is almost destroyed.
The wight hits you with a dagger of freezing.
* * * LOW HITPOINT WARNING * * *
You feel drained.
* * * LOW HITPOINT WARNING * * *
The wight freezes you.
* * * LOW HITPOINT WARNING * * *
The wight hits you with a dagger of freezing.
* * * LOW HITPOINT WARNING * * *
You feel drained.
* * * LOW HITPOINT WARNING * * *
The wight freezes you.
You die...

#.# #.# ##. #.# .. #.# #.
##.## # #.## #...### ##
#..## #.....## ##.
####...########......####..
+........z@.............'..
####...###########...####..
#..### ##.## ##. #.))z# #.#
## ####.# #.# # .# #.# .#
#.# .# ..# .# .## ####


You could see a wight.

Vanquished Creatures
  2 steam dragons (D:5)
  An ice beast (D:5)
  A black bear (D:6)
  2 ogres
  A centaur (D:5)
  A bullfrog (D:6)
  3 wights (D:6)
  A crimson imp (D:5)
  A centaur zombie (D:5)
  A bullfrog zombie (D:6)
  A bullfrog skeleton (D:5)
  7 orc wizards
  An orc priest (D:4)
  A hound (D:6)
  A centaur skeleton (D:4)
  Ijyb (D:4)
  5 worker ants
  A worker ant zombie (D:5)
  3 gnolls (D:5)
  9 adders
  An ooze (D:1)
  An adder skeleton (D:4)
  A worm (D:2)
  A dart slug (D:1)
  6 leopard geckos
  35 orcs
  A ball python (D:4)
  11 bats
  7 giant cockroaches
  11 goblins
  12 hobgoblins
  4 quokkas
  4 frilled lizards
  2 giant cockroach zombies
  9 kobolds
  A leopard gecko skeleton (D:6)
  A quokka zombie (D:1)
  7 rats
  2 fungi (D:5)
161 creatures vanquished.

Notes
Turn   | Place    | Note
-------+----------+-------------------------------------------
     0 | D:1      | Jorund the Demonspawn Gladiator began the quest for the Orb.
     0 | D:1      | Reached XP level 1. HP: 16/16 MP: 1/1
    73 | D:1      | Reached skill level 3 in Axes
   118 | D:1      | Gained mutation: You are immune to rotting. [demonic ancestry]
   118 | D:1      | Reached XP level 2. HP: 17/22 MP: 2/2
   308 | D:1      | Got a transparent copper ring
   658 | D:1      | Gained mutation: You are partially covered in yellow scales. (AC +2) [demonic ancestry]
   658 | D:1      | Reached XP level 3. HP: 17/27 MP: 3/3
   725 | D:1      | Found a glowing golden altar of the Shining One.
  1081 | D:2      | Found a faded altar of an unknown god.
  1092 | D:2      | Identified the ring "Wuin" {rCorr Dex+4} (You found it on level 1 of the Dungeon)
  1214 | D:2      | Reached skill level 4 in Axes
  1424 | D:2      | Reached XP level 4. HP: 29/33 MP: 4/4
  1983 | D:3      | Found an opulent altar of Gozag.
  2748 | D:4      | Reached skill level 5 in Axes
  2748 | D:4      | Reached skill level 1 in Armour
  2748 | D:4      | Reached XP level 5. HP: 27/39 MP: 5/5
  3314 | D:4      | Reached XP level 6. HP: 31/46 MP: 6/6
  3449 | D:4      | Reached skill level 6 in Axes
  3715 | D:4      | Noticed Ijyb
  3723 | D:4      | Killed Ijyb
  4121 | D:5      | Entered Level 5 of the Dungeon
  4134 | D:5      | Gained mutation: You are mostly covered in yellow scales. (AC +3) [demonic ancestry]
  4134 | D:5      | Reached XP level 7. HP: 36/52 MP: 7/7
  4172 | D:5      | Found Kerphibo's General Store.
  4175 | D:5      | Bought a scroll of teleportation for 36 gold pieces
  4201 | D:5      | Reached skill level 7 in Axes
  4353 | D:5      | Found a basalt altar of Yredelemnul.
  4353 | D:5      | Found a burning altar of Makhleb.
  4354 | D:5      | Found an ornate altar of the Wu Jian Council.
  4354 | D:5      | Found a white marble altar of Elyvilon.
  5131 | D:5      | Reached skill level 8 in Axes
  5131 | D:5      | Reached XP level 8. HP: 35/58 MP: 8/8
  5580 | D:6      | Found a sparkling altar of Nemelex Xobeh.
  5799 | D:6      | Found a staircase to the Ecumenical Temple.
  5956 | D:6      | Reached skill level 9 in Axes
  6139 | D:6      | HP: 2/60 [wight/dagger of freezing (2)]
  6139 | D:6      | Slain by a wight

Skill      XL: |  1  2  3  4  5  6  7  8 |
---------------+-------------------------+-----
Axes           | 3 4 5 6 8 9 |  9.6
Armour         | 1 2 |  2.9
Fighting       | 3 4 |  4.1
Throwing       | |  1.7
Dodging        | |  2.6
Evocations     | |  0.1

Action                   |  1- 3 |  4- 6 |  7- 9 || total
-------------------------+-------+-------+-------++-------
Melee: War axe           |   158 |   188 |   205 ||   551
Evoke: Wand              |       |     1 |     1 ||     2
  Use: Scroll            |     3 |     4 |     4 ||    11
       Potion            |       |     1 |     6 ||     7
 Stab: Sleeping          |     2 |     3 |     2 ||     7
       Paralysed         |       |     4 |     4 ||     8
  Eat: Chunk             |     2 |     5 |     7 ||    14
       Ration            |       |     1 |       ||     1
Armor: Leather armour    |    75 |    74 |    75 ||   224
       Skin              |       |       |     9 ||     9
Dodge: Dodged            |   120 |   140 |   130 ||   390
